Cogmind - Beta 16 @@@ ROGUE MODE // 2026.01.29 @ 20:55:14 Player: Assis Result: Destroyed by QP-UE1(x) with Makeshift Spear Performance ------------- Evolutions (0) 0 Regions Visited (3) 600 Robots Destroyed (29) 145 Value Destroyed (641) 641 Prototype IDs (8) 160 Alien Tech Used (0) 0 Bonus (300) 300 TOTAL SCORE: 1846 Bonus ------- Registered with UFD 300 Cogmind --------- Core Integrity 0/250 Matter 265/300 Energy 240/240 System Corruption 0% Temperature Cool (0) Movement Treading (250) Ox1 Location -8/Scraptown Parts ------- > --- POWER (1) -------- Nuclear Core > --- PROPULSION (2) --- Armored Treads > --- UTILITY (2) ------ Large Storage Unit Seismic Detector > --- WEAPON (2) ------- Great Maul > --- INVENTORY (15) --- Ion Engine Ion Engine Flight Unit Flight Unit Cesium-ion Thruster Weight Redist. System Sensor Array Signal Interpreter IFF Parser Surveybot 17 Chip Reaction Control System Hacking Suite Hacking Suite Hacking Suite Hammer Peak State ------------ > --- POWER ------------ Nuclear Core > --- PROPULSION ------- Armored Treads Advanced Treads > --- UTILITY ---------- Large Storage Unit Seismic Detector > --- WEAPON ----------- Great Maul > --- INVENTORY -------- Ion Engine Ion Engine Flight Unit Flight Unit Cesium-ion Thruster Weight Redist. System Sensor Array Signal Interpreter IFF Parser Reaction Control System Hacking Suite Hacking Suite Hacking Suite Datajack Hammer [Rating: 17] Favorites ----------- Power Light Nuclear Core Engine Ion Engine Power Core Light Nuclear Core Propulsion Light Treads Treads Light Treads Leg Aluminum Leg Utility Seismic Detector Device Seismic Detector Storage Large Storage Unit Weapon Light Assault Rifle Energy Gun Particle Gun Ballistic Gun Light Assault Rifle Impact Weapon Great Maul Build | -11 -10 -10 -8 ------- Run | Yrd Mat Sub Scr Slots Evolved . | . . . . Power . | . . . . Propulsion . | . . . . Utility . | . . . . Weapon . | . . . . Parts Attached 23 | 7 11 . 5 Power 7 | 1 4 . 2 Engine 5 | 1 3 . 1 Core 2 | . 1 . 1 Reactor . | . . . . Propulsion 8 | 2 4 . 2 Treads 6 | 2 2 . 2 Leg 2 | . 2 . . Wheel . | . . . . Hover . | . . . . Flight . | . . . . Utility 3 | 2 1 . . Device 1 | 1 . . . Storage 2 | 1 1 . . Processor . | . . . . Hackware . | . . . . Protection . | . . . . Artifact . | . . . . Weapon 5 | 2 2 . 1 Energy Gun 2 | . 2 . . Energy Cannon . | . . . . Ballistic Gun 2 | 2 . . . Ballistic Cannon . | . . . . Launcher . | . . . . Special Weapon . | . . . . Impact Weapon 1 | . . . 1 Slashing Weapon . | . . . . Piercing Weapon . | . . . . Special Melee Weapon . | . . . . Unidentified Prototypes . | . . . . Parts Lost 3 | . 2 . 1 Power . | . . . . Propulsion 2 | . 1 . 1 Utility . | . . . . Weapon 1 | . 1 . . Highest Loss Streak 1 | . 1 . 1 To Critical Strikes . | . . . . Average Backups 12 | . 9 15 14 Power 1 | . 1 2 2 Propulsion 2 | . 1 3 2 Utility 6 | . 5 8 8 Weapon . | . . 1 1 Tool/Special . | . . . . Unused Backups 22 | . 3 . 19 Power 2 | . 1 . 1 Propulsion 5 | . 1 . 4 Utility 13 | . 1 . 12 Weapon 1 | . . . 1 Tool/Special 1 | . . . 1 Average Slot Usage (%) 88 | . 99 100 73 Engine 5 | . 10 . . Core 8 | . 4 14 14 Treads 22 | . 18 28 27 Leg 4 | . 9 . . Device 14 | . 14 14 14 Storage 14 | . 14 14 14 Energy Gun 8 | . 11 28 . Ballistic Gun 8 | . 16 . . Peak Build Rating 17 | 7 12 12 17 Average Rating 9 | 5 8 12 10 On Entrance 7 | . 7 12 12 Avg Prop Armor Cover (%) 8 | . 8 . . Naked Turns . | . . . . Heaviest Build 32 | 11 30 30 32 Greatest Support 42 | 40 40 40 42 Greatest Overweight (x) 1 | . 1 . . Average Overweight (x) . | . . . . Largest Inventory Capacity 15 | 8 15 15 15 Average Capacity 13 | 7 12 15 15 Most Carried 15 | 1 15 15 15 Average Carried 12 | . 10 15 14 Final Capacity 15 | 8 15 15 15 Final Carried 15 | 1 15 15 15 Class Distribution -------------------- 72% | Scavenger-Mutant 21% | Mutant 5% | Derelict-Mutant Dominant Class ---------------- Scavenger-Mutant | -10/Materials Scavenger-Mutant | -10/Subcaves Scavenger-Mutant | -8/Scraptown Resources | -11 -10 -10 -8 ----------- Run | Yrd Mat Sub Scr Matter Collected 662 | 137 515 . 10 Remotely . | . . . . Salvage Created 987 | 69 918 . . Parts 71 | 9 62 . . Haulers Intercepted 2 | . 2 . . Recyclers Shooed 4 | . 4 . . Parts Field Recycled . | . . . . Retrieved Matter . | . . . . Parts Self-Destructed 1 | . . 1 . Prevented . | . . . . Parts Restored . | . . . . Kills | -11 -10 -10 -8 ------- Run | Yrd Mat Sub Scr Combat Hostiles Destroyed 15 | . 15 . . Guns 15 | . 15 . . Classes Destroyed 7 | 1 6 . . Worker 1 | . 1 . . Tunneler 5 | 3 2 . . Hauler 2 | . 2 . . Recycler 2 | . 2 . . Operator 4 | . 4 . . Swarmer 1 | . 1 . . Grunt 14 | . 14 . . Best Kill Streak 3 | 3 3 . . Combat Bots Only 3 | . 3 . . Max Kills in Single Turn 2 | 1 2 . . Gunslinging . | . . . . Exploded . | . . . . Melee . | . . . . Uniques/NPCs Destroyed . | . . . . Combat | -11 -10 -10 -8 -------- Run | Yrd Mat Sub Scr Hostile Shots Fired 116 | . 80 . 36 Missed 26 | . 19 . 7 Hits 90 | . 61 . 29 Melee 15 | . . . 15 Projectile 75 | . 61 . 14 Critical Strikes 3 | . 1 . 2 Damage Taken 1371 | . 851 . 520 Core 251 | . 138 . 113 Absorbed by Shields . | . . . . Core Remaining (%) 100 | 100 . . . Volleys Fired 116 | 11 105 . . Largest 2 | 2 2 . . Hottest 105 | 40 105 . . Shots Fired 218 | 22 196 . . Gun 218 | 22 196 . . Cannon . | . . . . Launcher . | . . . . Special . | . . . . Kinetic 168 | 22 146 . . Thermal 50 | . 50 . . Explosive . | . . . . Electromagnetic . | . . . . Robot Hit Streak 21 | 10 21 . . Robot Miss Streak 4 | 3 4 . . Penetration Max . | . . . . Secondary Targets 1 | . 1 . . Max Gunslinging Chain 1 | . 1 . . Shots Hit Robots 150 | 13 136 . 1 Core Hits 60 | 5 55 . . Critical Kills . | . . . . Critical Parts Destroyed 2 | . 2 . . Critical Strikes 4 | . 4 . . Burn 2 | . 2 . . Destroy 2 | . 2 . . Melee Attacks 2 | . . . 2 Impact 2 | . . . 2 Slashing . | . . . . Piercing . | . . . . Sneak Attacks . | . . . . Combat Hostiles . | . . . . Follow-up Attacks . | . . . . Damage Inflicted 1611 | 130 1473 . 8 Guns 1586 | 128 1458 . . Cannons . | . . . . Explosions . | . . . . Melee 8 | . . . 8 Ramming 17 | 2 15 . . Kinetic 1137 | 128 1009 . . Thermal 449 | . 449 . . Explosive . | . . . . Electromagnetic . | . . . . Impact 8 | . . . 8 Slashing . | . . . . Piercing . | . . . . Highest Corruption . | . . . . Average Corruption . | . . . . Corruption Purged . | . . . . Corruption Blocked . | . . . . Overload Shots . | . . . . Overflow Damage . | . . . . Projectiles . | . . . . Explosions . | . . . . Melee . | . . . . Knockbacks . | . . . . Impact . | . . . . Kinetic . | . . . . Secondary . | . . . . Self-Inflicted Damage . | . . . . Shots . | . . . . Rammed 4 | 1 3 . . Targets Rammed 5 | 1 4 . . Kicked 1 | . 1 . . Crushed . | . . . . Highest Temperature 306 | . 306 . . Average Temperature 67 | . 67 . . Received Heat Transfer 405 | . 405 . . Siege Activations . | . . . . Martial Activations . | . . . . Shielding Activations . | . . . . Robots Disrupted . | . . . . Combat Hostiles . | . . . . Robots Corrupted . | . . . . Combat Hostiles . | . . . . Parts Fried . | . . . . Impact Corruptions . | . . . . Robots Melted . | . . . . Combat Hostiles . | . . . . Parts Melted . | . . . . Heat Transferred 1247 | . 1247 . . Parts Sabotaged . | . . . . Parts Stolen . | . . . . Parts Stripped . | . . . . Power Chain Reactions . | . . . . Alert | -11 -10 -10 -8 ------- Run | Yrd Mat Sub Scr Maximum Alert Level . | . . . . Low Security (%) 100 | 100 100 . . Level 1 . | . . . . Level 2 . | . . . . Level 3 . | . . . . Level 4 . | . . . . Level 5 . | . . . . High Security . | . . . . Max Security . | . . . . Peak Influence 129 | 10 129 . . Initial . | . . . . Average 44 | 1 47 . . Influence Increases 499 | 15 484 . . Destroy 0b10 Robot/C 300 | . 300 . . Destroy 0b10 Robot/NC 70 | 15 55 . . Destroy Leader 84 | . 84 . . Partial Spotted 15 | . 15 . . Lose Combat Pursuer 30 | . 30 . . Influence Decreases 499 | 15 447 37 . Entered New Map 18 | . . 18 . Time Decay 461 | 15 427 19 . Lost Part 20 | . 20 . . Squads Dispatched 5 | . 5 . . Investigation 1 | . 1 . . Extermination . | . . . . Reinforcement 4 | . 4 . . Assault . | . . . . Garrison . | . . . . Intercept . | . . . . Searches Triggered . | . . . . Construction Impeded . | . . . . Haulers Reinforced . | . . . . Active Scanning Responses . | . . . . Cargo Convoy Interrupts . | . . . . Stealth | -11 -10 -10 -8 --------- Run | Yrd Mat Sub Scr Distress Signals 2 | . 2 . . Communications Jammed . | . . . . Distress Signals . | . . . . Times Spotted 41 | . 38 . 3 Peak Tracking Total 5 | . 5 . 4 Tactical Retreats 1 | . 1 . . Traps | -11 -10 -10 -8 ------- Run | Yrd Mat Sub Scr Traps Triggered 1 | . 1 . . Indirectly . | . . . . Trap Hack Attempts . | . . . . Triggered . | . . . . Disarmed 1 | . 1 . . Reprogrammed . | . . . . Reused . | . . . . Traps Extracted . | . . . . Installed . | . . . . Triggered . | . . . . Machines | -11 -10 -10 -8 ---------- Run | Yrd Mat Sub Scr Machines Disabled . | . . . . Max in Single Turn . | . . . . Machines Repaired . | . . . . Machines Dismantled . | . . . . Machines Sabotaged . | . . . . Overloaded Fab Kills . | . . . . Hacking | -11 -10 -10 -8 --------- Run | Yrd Mat Sub Scr Machines Accessed 4 | . 2 . 2 Terminals 2 | . 2 . . Fabricators . | . . . . Repair Stations . | . . . . Recycling Units . | . . . . Scanalyzers . | . . . . Garrison Access . | . . . . Total Hacks 8 | . 4 . 4 Successful 6 | . 2 . 4 Failed 2 | . 2 . . Catastrophic . | . . . . Database Lockouts . | . . . . Manual 4 | . 4 . . Terminals 4 | . 4 . . Fabricators . | . . . . Repair Stations . | . . . . Recycling Units . | . . . . Scanalyzers . | . . . . Garrison Access . | . . . . Terminal Hacks 6 | . 2 . 4 Record 3 | . . . 3 Terminal Index 1 | . 1 . . Disarm Traps 1 | . 1 . . Proto ID Catalog 1 | . . . 1 Fabricator Hacks . | . . . . Repair Station Hacks . | . . . . Recycling Unit Hacks . | . . . . Scanalyzer . | . . . . Garrison Access Hacks . | . . . . Unauthorized Hacks . | . . . . Terminals . | . . . . Fabricators . | . . . . Repair Stations . | . . . . Recycling Units . | . . . . Scanalyzers . | . . . . Garrison Access . | . . . . Data Cores Recovered . | . . . . Used . | . . . . Hacking Detections 2 | . 2 . . Full Trace Events . | . . . . Feedback Events . | . . . . Feedback Blocked . | . . . . Robot Schematics Acquired . | . . . . Robots Built . | . . . . Authchips . | . . . . Time . | . . . . Total Robot Build Rating . | . . . . Part Schematics Acquired . | . . . . Parts Built . | . . . . Authchips . | . . . . Time . | . . . . Total Part Build Rating . | . . . . Part Studies Acquired . | . . . . Parts Repaired . | . . . . Time . | . . . . Parts Recycled . | . . . . Recycled Matter . | . . . . Retrieved Matter . | . . . . Retrieved Components . | . . . . Parts Scanalyzed . | . . . . Part Schematics Acquired . | . . . . Parts Damaged . | . . . . Bothacking | -11 -10 -10 -8 ------------ Run | Yrd Mat Sub Scr Used RIF Installer . | . . . . Robots Hacked . | . . . . Non-combat . | . . . . Combat . | . . . . Robot Hacks Applied . | . . . . Relay Couplers Released . | . . . . Fabnet Peak Effective % . | . . . . Robots Rewired . | . . . . Allies Hacked . | . . . . Hacks Repelled . | . . . . Allies | -11 -10 -10 -8 -------- Run | Yrd Mat Sub Scr Total Allies . | . . . . Largest Group . | . . . . Highest-Rated Group . | . . . . Highest-Rated Ally . | . . . . Total Orders . | . . . . Ally Attacks . | . . . . Total Damage . | . . . . Kills . | . . . . Allies Corrupted . | . . . . Allies Melted . | . . . . Intel | -11 -10 -10 -8 ------- Run | Yrd Mat Sub Scr Active Infowar (turns) 3510 | 2 1813 232 1463 Seismic 3510 | 2 1813 232 1463 Robot Analysis Total . | . . . . Derelict Logs Recovered . | . . . . Drone Launches . | . . . . Drone Recoveries . | . . . . Exploration | -11 -10 -10 -8 ------------- Run | Yrd Mat Sub Scr Turns Passed 3618 | 110 1813 232 1463 Spaces Moved 1865 | 46 853 123 843 Core 6 | 6 . . . Treads 1595 | 40 589 123 843 Legs 264 | . 264 . . Wheels . | . . . . Hover . | . . . . Flight . | . . . . Fastest Speed 50 | 50 120 160 157 Average Speed 162 | 145 167 160 159 Slowest Speed 240 | 160 240 160 165 Overloaded Moves . | . . . . Propulsion Burnouts . | . . . . Robots Hopped . | . . . . Potential Cave-ins . | . . . . Cave-ins Triggered . | . . . . Exploration Rate (%) 36 | 4 92 9 42 Regions Visited 3 Branch Regions 2 Pre-discovered Areas . | . . . . Known Exits Taken . | . . . . Unknown Exits Taken 3 | 1 1 1 . Scrap Searched 4 | . . . 4 Spaces Dug 1 | . . . 1 Terrain Destroyed 1 | . . . 1 Melee 1 | . . . 1 Projectile . | . . . . AOE . | . . . . Terrain Rammed . | . . . . Walls Destroyed . | . . . . Machines Disabled . | . . . . Actions | -11 -10 -10 -8 --------- Run | Yrd Mat Sub Scr Total 2244 | 65 1060 158 961 Wait 192 | . 61 36 95 Move 1863 | 46 852 122 843 Hop . | . . . . Pick Up 23 | 1 17 . 5 Fast Attach 12 | 7 4 . 1 Attach . | . . . . Detach 1 | . 1 . . Swap 11 | . 7 . 4 Drop 20 | . 9 . 11 Fire 116 | 11 105 . . Melee 2 | . . . 2 Ram . | . . . . Kick 1 | . 1 . . Crush 3 | . 3 . . Escape Stasis . | . . . . Rewire . | . . . . Trap . | . . . . Miscellaneous . | . . . . Route ------- -11/Scrapyard -10/Materials (discovered 5 exits: [*Mat x3] / [*Min] / [*Sub]) -10/Subcaves -8/Scraptown History --------- Turn | Location | Event 45 | -11/Scrapyard | Discovered new exit (range 16) 111 | -11/Scrapyard | Entered Materials 112 | -10/Materials | Met a group of wandering Federalists 301 | -10/Materials | Build established: Mutant 603 | -10/Materials | Discovered new exit (range 3) 803 | -10/Materials | Discovered new exit (range 14) 1068 | -10/Materials | Discovered new exit (range 14) 1069 | -10/Materials | Build established: Scavenger-Mutant 1420 | -10/Materials | Discovered new exit (range 14) 1529 | -10/Materials | Core integrity fell below 50% 1903 | -10/Materials | Discovered new exit (range 11) 1924 | -10/Materials | Entered Subcaves 1925 | -10/Subcaves | Continued accompanying wandering Federalists (5) 1925 | -10/Subcaves | Approached by a straggling Scientist 1950 | -10/Subcaves | Shifting Twisted Machinery released Sub. Beam Cannon 1965 | -10/Subcaves | Shifting Twisted Machinery released Mak. Flight Unit 2033 | -10/Subcaves | A swath of the cavern ceiling suddenly collapsed 2138 | -10/Subcaves | Wandering Federalist uncovered a shortcut to Scraptown 2156 | -10/Subcaves | Entered Scraptown 2503 | -8/Scraptown | Visited UFD Registry 2512 | -8/Scraptown | Registered with UFD as "Matrixstep" 2568 | -8/Scraptown | Visited Scrap Suit Storage 2645 | -8/Scraptown | Visited Science Guys 2728 | -8/Scraptown | Visited Derelict Rescue Squad 3188 | -8/Scraptown | Visited Curators Association 3276 | -8/Scraptown | Visited Scrapoid Pod Storage 3351 | -8/Scraptown | Visited DA-N13 Charitable Foundation 3378 | -8/Scraptown | Found DCF Scrap (29 items) 3434 | -8/Scraptown | Visited Cartography Club 3475 | -8/Scraptown | Found Surveybot 17 Chip 3598 | -8/Scraptown | Attacked by Scraptown defenders 3614 | -8/Scraptown | Core integrity fell below 20% 3619 | -8/Scraptown | Destroyed by QP-UE1(x) with Makeshift Spear Last Messages --------------- Of course the inevitable cannon fire blasted out the wall behind me as I ran for my life. You think it's safe now? It's probably safe now... I must know what else is around that corner. 03454_ The floor rises up to form a wall. 03461_ The wall retracts into the floor. 03475_ Dropped Datajack. 03475_ Acquired Surveybot 17 Chip. 03503_ Triggered a sensor switch. 03598_ ANNOUNCEMENT: Intruder alert! Defend Scraptown! 03600_ Bolt penetrates Wall. 03601_ Critical hit (Impale). 03602_ Bolt penetrates Wall. 03606_ Critical hit (Impale). 03607_ Adv. Treads destroyed. 03608_ Bolt penetrates Wall. 03615_ Wall collapses. 03615_ Penetrated by Bolt. 03615_ Bolt penetrates Wall. 03618_ Penetrated by Bolt. Map ----- +----------------------------------------------------+ | ?????????????????????????????????????????????????? | | ?????????????????????????????????????????????????? | | ?????????????????????????????????????????????????? | | ?????????????????????????????????????????????????? | | ?????????????????????????????????????????????????? | | ?????????????????????????????????????????????????? | | ?????????????????????????????????????????????????? | | ?????????????????????????????????????????????????? | | ?????????????????????????????????????????????????? | | ?????????????????????????????????????????????????? | | ?????????????????????????????????????????????????? | | ?????????????????????????????????????????????????? | | ?????????????????????????????????????????????????? | | ?????????????????????????????????????????????????? | | ?????????????????????????????????????????????????? | | ?????????????????????????????????????????????????? | | ?????????????????????????????????????????????????? | | ?????????????????????????????????????????????????? | | ???????????????????###???????????????????????????? | | ???????????????????# ####????????????????????????? | | ????????????????# ?#!#/ #????????????????????????? | | ????????????????# ?# # ##????????????????????????? | | ????????????????# # ###??????????????????????? | | ????????????????# # ####X#??????????????????????? | | ????????????????# # ## #;#??????????????????????? | | ????????????????# # x@#??????????????????????? | | ????????????????# #####;x#######????????????????? | | ????????? ??????# # h #????????????????? | | ?????????? ?????# # #????????????????? | | ??????????# ????# ## ###########????????????????? | | ??????##### ##### ## ##########?????????????????? | | ?????"""""" """"" "" "##*!/*=*#?????????????????? | | ???? "##!![%=*#?????????????????? | | ???? "##=![]]*#?????????????????? | | ???? "##**=]###?????????????????? | | ???? "##/!*=###?????????????????? | | ???? = = #?????????????????? | | ?????"""""""""""" "##! % #?????????????????? | | ??????????""""""" "## [ #?????????????????? | | ???????????####"" "#########?????????????????? | | ??????????????#"" "########??????????????????? | | ??????????????#"" "##"""" #??????????????????? | | ??????????????#"" "## "#??????????????????? | | ????????????###"" "## "#??????????????????? | | " ######### #"" "## !"#??????????????????? | | "#??????????????????? | | "## "#??????????????????? | | " ######### #"" "## "#??????????????????? | | ????????????###"" "##"""""#??????????????????? | | ??????????????#"" "########??????????????????? | +----------------------------------------------------+ Best States ------------- Heat Dissipation 25 Energy Generation 14 Energy Capacity 250 Matter Stores 300 Matter Capacity 300 Sight Range 16 Terrain Scan Density 10 Evasion (%) 55 Recoil Reduction 2 Item Schematics ----------------- None Robot Schematics ------------------ None Fabricated ------------ Nothing Repaired ---------- Nothing Studied --------- None Alien Tech Used ----------------- None Achievements -------------- Civilization 2243 Strength In Numbers Challenges ------------ None Game ------ Seed MultinovaCloakingGuard Manual? 0 Play Time 00:27:54 Cumulative 27.8 hours Start 2026.01.29 @ 20:19:43 End 2026.01.29 @ 20:55:14 Sessions 1 Manual Loads 0 Difficulty Rogue Special Mode None Game No. 57 Rogue 57 Adventurer 0 Explorer 0 Win Type - Total 0 Types 0/0/0/0/0/0/0/0/0/0 Lore% 16 Gallery% 22 Achievement% 19 Wizard Run 0 Options --------- Layout 0 ASCII 0 Keyboard 1 Movement Arrows Keybinds 0 Fullscreen 1 Font 18/Smallcaps Map View 38x25 Zoom Use 97% Tactical HUD 1 Map Filters NONE Filters NONE Steam 1 RUN: 56534194-0ba9-40c9-8fd3-ba0f3257502a